 Dungeon Crawl Stone Soup version 0.19.0-2-gae57169 (console) character file.

29774 Kloppie the Carver (level 13, -2/101 HPs)
             Began as a Demonspawn Berserker on Nov 6, 2016.
             Was a High Priest of Trog.
             Slain by a jumping spider (12 damage)
             ... summoned by a worldbinder
             ... on level 3 of the Abyss.
             The game lasted 00:25:43 (13186 turns).

Kloppie the Carver (Demonspawn Berserker)          Turns: 13186, Time: 00:25:44

Health: -2/101     AC: 23    Str: 17    XL:     13   Next: 17%
Magic:  0/14       EV:  8    Int: 10    God:    Trog [*****.]
Gold:   16         SH:  5    Dex: 17    Spells: 0 memorised, 12 levels left

rFire  . . .     SeeInvis .     a - +1 scimitar (flame)
rCold  . . .     Gourm    .     y - +2 chain mail {rPois}
rNeg   . . .     Faith    .     w - +0 buckler
rPois  +         Spirit   +     (helmet restricted)
rElec  .         Reflect  .     h - +1 cloak
rCorr  .         Harm     .     s - +0 pair of gloves
MR     +....     Clarity  +     (no boots)
Stlth  ..........               (no amulet)
                                l - ring of protection from magic
                                (no ring)

@: about to teleport
A: horns 1, iridescent scales 3, berserk 2, clarity, low mp 2, nightstalker 1,
magic shield, magic regeneration, magic link, MP-powered wands
a: Berserk, Trog's Hand, Brothers in Arms, Burn Spellbooks, Renounce Religion


You were on level 3 of the Abyss.
You worshipped Trog.
Trog was extremely pleased with you.
You were full.

You visited 2 branches of the dungeon, and saw 16 of its levels.
You visited the Abyss 1 time.

You collected 972 gold pieces.
You spent 956 gold pieces at shops.

Inventory:

Hand Weapons
 a - a +1 scimitar of flaming (weapon)
 O - a +4 great sword of protection
Armour
 h - a +1 cloak (worn)
 s - a +0 pair of gloves (worn)
 w - a +0 buckler (worn)
 y - a +2 chain mail of poison resistance (worn)
Rods
 J - a -2 lightning rod (11/11)
   (You found it on level 5 of the Dungeon)
Jewellery
 d - an uncursed ring of ice
 e - an uncursed ring of flight
 l - a ring of protection from magic (right hand)
 M - a +3 ring of intelligence
Wands
 r - a wand of acid (8/15)
 u - a wand of teleportation (3/9)
 N - a wand of teleportation (3/9)
 P - a wand of disintegration (8/24)
Scrolls
 b - 2 scrolls of blinking
 i - 3 scrolls of remove curse
 j - 2 scrolls of fog
 k - 6 scrolls of immolation
 p - 8 scrolls of teleportation
 x - a scroll of enchant armour
 Q - 5 scrolls of enchant weapon
Potions
 g - a potion of might
 m - 2 potions of magic
 n - 7 potions of mutation
 o - a potion of invisibility
 t - 3 potions of lignification
 z - 4 potions of curing
 B - a potion of ambrosia {unknown}
 C - 3 potions of brilliance
 E - a potion of resistance
 F - 2 potions of cure mutation
 H - a potion of cancellation
 R - 2 potions of degeneration
 U - 2 potions of flight
Comestibles
 c - 9 bread rations
 f - 7 meat rations
 q - 4 fruits
 A - 8 beef jerkies
 D - a slice of pizza


   Skills:
 - Level 9.3 Fighting
 + Level 14.4 Long Blades
 + Level 10.1 Armour
 - Level 1.7 Dodging
 - Level 4.3 Shields
 - Level 6.5 Evocations


You had 12 spell levels left.
You didn't know any spells.

Dungeon Overview and Level Annotations

Branches:
Dungeon (13/15)            Temple (0/1) D:5            Lair (3/6) D:10
 Shoals (0/4) Lair:2          Orc (0/2) D:12
  Snake: Lair:2-4    Spider: Lair:2-4    Vaults: D:13-14

Altars:
Dithmenos
Nemelex Xobeh
Qazlal
Vehumet
Xom
Yredelemnul
The Shining One

Shops:
D:4 ?   D:7 *   D:11 *

Annotations:
D:4 1 runed door
D:5 1 runed door


Innate Abilities, Weirdness & Mutations

You have a pair of small horns on your head.
You are completely covered in iridescent scales. (AC +6)
You are slightly more attuned to the shadows.
When hurt, damage is shared between your health and your magic reserves.
You regenerate magic rapidly.
When low on magic, you restore magic in place of health.
You possess an exceptional clarity of mind.
[You often lose your temper in combat.]
[Your magical capacity is very low. (-20% MP)]
[You expend magic power (3 MP) to strengthen your wands.]


Message History

The jumping spider misses you. The jumping spider closely misses you.
You feel better.
You are engulfed in a cloud of scalding steam.
The small abomination barely misses you.
You riposte.
You hit the small abomination. You burn the small abomination.
You headbutt the small abomination.
The small abomination is heavily damaged.
The jumping spider leaps!
The jumping spider pounces on you but does no damage.
The jumping spider bites you but does no damage.
The worldbinder closely misses you. The worldbinder hits you.
* * * LOW HITPOINT WARNING * * *
The wizard mumbles some strange words.
The wizard seems to speed up.
The small abomination barely misses you.
You riposte.
You hit the small abomination but do no damage.
The small abomination is heavily damaged.
The jumping spider pounces on you!
You die...

. ..#3
..#.. #...
#. #..§#
###..#
#.§§##....#
#.#x@*.p.#
. #3sx#####
. .
#.s#.#.## #
##..# .#. .
. #... ##
### ...
#...... .†#
.# #... #
... .. . #
##.. ..#.#
# # ..
###...####.
.


You could see a wretched star, a wizard, a worldbinder, a smoke demon, 2 jumping
spiders and a small abomination.

Vanquished Creatures
  The ghost of freekh the Fighter, a journeyman DrTm of Okawaru (Lair:2)
  3 hydras
  Erica (D:9)
  Erolcha (D:11)
  A centaur warrior (D:11)
  2 thrashing horrors (Abyss:3)
  2 unseen horrors
  The ghost of Banto the Carver, a novice HESk of Okawaru (D:8)
  3 hill giants
  2 ugly things
  A black mamba (Lair:2)
  2 sirens (Lair:2)
  Joseph (D:8)
  A rime drake (Lair:2)
  3 spiny frogs
  A centaur skeleton (D:12)
  A komodo dragon (shapeshifter) (Abyss:3)
  2 komodo dragons (Lair:1)
  2 trolls
  2 merfolk (Lair:2)
  2 two-headed ogres
  Prince Ribbit (D:6)
  4 raiju (Abyss:3)
  The ghost of Kiel97 the Shooter, an amateur HEHu (D:4)
  A hornet (D:7)
  2 large abominations (Abyss:3)
  5 hippogriffs
  26 yaks
  A shadow (D:11)
  A ynoxinul (Abyss:3)
  Grum (D:8)
  2 hungry ghosts
  Menkaure (D:4)
  4 vampire mosquitoes (D:11)
  Edmund (D:4)
  7 water moccasins
  2 porcupines
  2 ice beasts
  A black bear (D:6)
  5 sky beasts
  4 phantoms
  7 orc warriors
  7 ogres
  4 wolves (D:8)
  A centaur (D:7)
  3 crocodiles
  2 big kobolds
  Blork the orc (D:4)
  6 bullfrogs
  A wyvern zombie (D:11)
  A wyvern skeleton (D:11)
  2 scorpions
  A water moccasin skeleton (D:6)
  7 wights
  6 crimson imps
  A centaur zombie (D:7)
  8 howler monkeys
  7 hounds
  2 quasits
  6 orc priests
  5 jellies
  2 gnoll shamans
  2 bullfrog skeletons
  A human skeleton (D:5)
  7 iguanas
  16 orc wizards
  9 worker ants
  A hound skeleton (D:7)
  A howler monkey skeleton (D:4)
  A howler monkey zombie (D:11)
  A worker ant zombie (D:7)
  11 adders
  8 gnolls
  4 shadow imps
  3 adder skeletons
  An adder zombie (D:9)
  A worm (D:2)
  2 dart slugs (D:1)
  7 leopard geckos
  48 orcs
  5 bats
  8 giant cockroaches
  11 goblins
  5 hobgoblins
  11 jackals
  14 kobolds
  9 quokkas
  A ball python (D:2)
  9 frilled lizards
  A giant cockroach zombie (D:5)
  A jackal skeleton (D:5)
  A leopard gecko skeleton (D:6)
  8 rats
  A fungus (D:4)
396 creatures vanquished.

Vanquished Creatures (others)
  An orc wizard (D:4)
  3 fungi (Lair:2)
  3 plants (Lair:2)
7 creatures vanquished.

Grand Total: 403 creatures vanquished

Notes
Turn   | Place    | Note
-------+----------+-------------------------------------------
     0 | D:1      | Kloppie the Demonspawn Berserker began the quest for the Orb.
     0 | D:1      | Reached XP level 1. HP: 18/18 MP: 1/1
   118 | D:1      | Reached skill level 3 in Long Blades
   130 | D:1      | Gained mutation: You are partially covered in iridescent scales. (AC +2) [demonic ancestry]
   130 | D:1      | Reached XP level 2. HP: 22/24 MP: 2/2
   476 | D:2      | Reached XP level 3. HP: 21/29 MP: 3/3
   559 | D:2      | Reached ** piety under Trog
  1145 | D:2      | Reached XP level 4. HP: 34/37 MP: 4/4
  1169 | D:2      | Reached skill level 4 in Long Blades
  1235 | D:3      | Found a faded altar of an unknown god.
  1412 | D:3      | Reached *** piety under Trog
  1459 | D:3      | Gained mutation: When hurt, damage is shared between your health and your magic reserves. [demonic ancestry]
  1459 | D:3      | Reached XP level 5. HP: 40/43 MP: 5/5
  1484 | D:3      | Found a shadowy altar of Dithmenos.
  1780 | D:4      | Found a glowing golden altar of the Shining One.
  1816 | D:4      | Noticed Kiel97's ghost (amateur HEHu)
  1846 | D:4      | Killed Kiel97's ghost
  1846 | D:4      | Reached skill level 5 in Long Blades
  1846 | D:4      | Gained mutation: You have a pair of small horns on your head. [demonic ancestry]
  1846 | D:4      | Reached XP level 6. HP: 49/49 MP: 2/6
  1913 | D:4      | Noticed Blork the orc
  1922 | D:4      | Killed Blork the orc
  2014 | D:4      | Noticed Menkaure
  2021 | D:4      | Reached XP level 7. HP: 32/55 MP: 3/7
  2035 | D:4      | Killed Menkaure
  2222 | D:4      | Noticed Edmund
  2232 | D:4      | Killed Edmund
  2232 | D:4      | Reached skill level 6 in Long Blades
  2421 | D:4      | Found Obeff's Magic Scroll Boutique.
  2428 | D:4      | Bought a scroll of teleportation for 39 gold pieces
  2428 | D:4      | Bought a scroll of immolation for 45 gold pieces
  2445 | D:4      | Gained mutation: You are mostly covered in iridescent scales. (AC +4) [demonic ancestry]
  2445 | D:4      | Reached XP level 8. HP: 50/61 MP: 8/8
  2755 | D:4      | Found a runed door.
  2793 | D:5      | Entered Level 5 of the Dungeon
  2856 | D:5      | Reached skill level 7 in Long Blades
  3119 | D:5      | Reached **** piety under Trog
  3296 | D:5      | Found a runed door.
  3310 | D:5      | Found a basalt altar of Yredelemnul.
  3468 | D:5      | Found a stormy altar of Qazlal.
  3509 | D:5      | Found a staircase to the Ecumenical Temple.
  3652 | D:6      | Reached skill level 5 in Armour
  3718 | D:6      | Reached skill level 8 in Long Blades
  3806 | D:6      | Gained mutation: You regenerate magic rapidly. [demonic ancestry]
  3806 | D:6      | Reached XP level 9. HP: 51/66 MP: 7/9
  3910 | D:6      | Found a shimmering altar of Xom.
  4051 | D:6      | Noticed Prince Ribbit
  4695 | D:6      | Killed Prince Ribbit
  4900 | D:7      | Reached skill level 9 in Long Blades
  5065 | D:7      | Reached ***** piety under Trog
  5281 | D:7      | Gained mutation: When low on magic, you restore magic in place of health. [demonic ancestry]
  5281 | D:7      | Reached XP level 10. HP: 70/73 MP: 10/10
  5589 | D:7      | Reached skill level 10 in Long Blades
  5910 | D:7      | Reached skill level 5 in Fighting
  5959 | D:7      | Received a gift from Trog
  6018 | D:7      | Found Bazxoa's General Store.
  6022 | D:7      | Bought a potion of curing for 39 gold pieces
  6022 | D:7      | Bought a scroll of identify for 26 gold pieces
  6283 | D:8      | Noticed a red ugly thing
  6289 | D:8      | Killed a red ugly thing
  6416 | D:8      | Found a sparkling altar of Nemelex Xobeh.
  6418 | D:8      | Found a basalt altar of Yredelemnul.
  6463 | D:8      | Noticed Joseph
  6472 | D:8      | Killed Joseph
  6498 | D:8      | Found a radiant altar of Vehumet.
  6648 | D:8      | Noticed Grum
  6662 | D:8      | Killed Grum
  6787 | D:8      | Noticed Banto's ghost (novice HESk)
  6798 | D:8      | Killed Banto's ghost
  6798 | D:8      | Reached skill level 11 in Long Blades
  7398 | D:9      | Noticed Erica
  7408 | D:9      | Killed Erica
  7408 | D:9      | Gained mutation: You are completely covered in iridescent scales. (AC +6) [demonic ancestry]
  7408 | D:9      | Reached XP level 11. HP: 86/86 MP: 9/11
  7691 | D:10     | Entered Level 10 of the Dungeon
  7733 | D:10     | Found a staircase to the Lair.
  7883 | D:10     | Noticed a hill giant
  7891 | D:10     | Killed a hill giant
  8045 | D:10     | Killed an unseen horror
  8318 | D:10     | Reached skill level 12 in Long Blades
  8581 | D:10     | You fall through a shaft for 3 floors!
  8595 | D:13     | Noticed a hill giant
  8609 | D:13     | Killed a hill giant
  8609 | D:13     | Reached skill level 1 in Evocations
  8794 | D:12     | Noticed a four-headed hydra
  8810 | D:12     | Killed a one-headed hydra
  8868 | D:12     | Noticed a hill giant
  8873 | D:12     | Found a staircase to the Orcish Mines.
  8884 | D:12     | Killed a hill giant
  8884 | D:12     | Received a gift from Trog
  9305 | D:11     | Noticed a green ugly thing
  9317 | D:11     | Killed a green ugly thing
  9351 | D:11     | Gained mutation: You are slightly more attuned to the shadows. [demonic ancestry]
  9351 | D:11     | Reached XP level 12. HP: 54/95 MP: 15/15
  9372 | D:11     | Reached skill level 5 in Evocations
  9383 | D:11     | Noticed Erolcha
  9393 | D:11     | Killed Erolcha
  9815 | D:11     | Noticed a centaur warrior
  9820 | D:11     | Reached skill level 13 in Long Blades
  9831 | D:11     | Killed a centaur warrior
 10134 | D:11     | Found Jysha's Assorted Antiques.
 10150 | D:11     | Bought a scroll labeled HEADUGGUIGU for 27 gold pieces
 10150 | D:11     | Bought a bubbling puce potion for 24 gold pieces
 10361 | D:11     | Gained mutation: You possess an exceptional clarity of mind. [potion of beneficial mutation]
 10500 | Lair:1   | Entered Level 1 of the Lair of Beasts
 10766 | Lair:1   | Noticed an eight-headed hydra
 10779 | Lair:1   | Killed a three-headed hydra
 10795 | Lair:1   | Received a gift from Trog
 11565 | Lair:2   | Noticed an eight-headed hydra
 11576 | Lair:2   | Killed a one-headed hydra
 11723 | Lair:2   | Identified a scroll of acquirement
 11724 | Lair:2   | Got a steaming scimitar
 11839 | Lair:2   | Reached skill level 14 in Long Blades
 11929 | Lair:2   | Noticed freekh's ghost (journeyman DrTm)
 11957 | Lair:2   | Killed freekh's ghost
 12259 | Lair:2   | Found a staircase to the Shoals.
 12320 | Lair:2   | Reached XP level 13. HP: 92/101 MP: 17/17
 12792 | D:11     | Bought a scroll of identify for 54 gold pieces
 12792 | D:11     | Identified the +11 scimitar "Luzu" {speed, *Contam MR++ Int+2} (You acquired it on level 2 of the Lair of Beasts)
 12978 | D:4      | Bought a scroll of acquirement for 676 gold pieces
 12978 | D:4      | Bought a scroll of identify for 26 gold pieces
 12981 | D:4      | Cast into level 3 of the Abyss (a distortion unwield)
 12986 | Abyss:3  | Found a corrupted altar of Lugonu.
 13003 | Abyss:3  | Found a corrupted altar of Lugonu.
 13123 | Abyss:3  | Reached skill level 10 in Armour
 13148 | Abyss:3  | Noticed a tentacled starspawn
 13180 | Abyss:3  | HP: 3/101 [smoke demon/divine providence (8)]
 13186 | Abyss:3  | Slain by a jumping spider

Skill      XL: |  1  2  3  4  5  6  7  8  9 10 11 12 13 |
---------------+----------------------------------------+-----
Long Blades    | 3 4 5 6 8 9 11 12 14 | 14.4
Fighting       | 4 7 9 |  9.3
Shields        | 2 3 4 |  4.3
Armour         | 3 5 7 9 10 | 10.1
Evocations     | 4 6 |  6.5
Dodging        | |  1.7

Action                   |  1- 3 |  4- 6 |  7- 9 | 10-12 | 13-15 || total
-------------------------+-------+-------+-------+-------+-------++-------
Melee: Falchion          |   139 |   131 |   311 |       |       ||   581
       Headbutt          |       |    11 |   139 |   261 |    24 ||   435
       Long sword        |       |       |   223 |   736 |       ||   959
       Scimitar          |       |       |       |   197 |    97 ||   294
Invok: Berserk           |       |     3 |     3 |    12 |     2 ||    20
       Trog's Hand       |       |       |       |     5 |     2 ||     7
Evoke: Rod               |       |       |       |     2 |       ||     2
  Use: Scroll            |       |       |    15 |    12 |     4 ||    31
       Potion            |       |       |       |     1 |     4 ||     5
  Eat: Chunk             |     1 |     5 |    16 |    36 |       ||    58
       Royal jelly       |       |       |       |     1 |       ||     1
       Meat ration       |       |       |       |       |     2 ||     2
Armor: Animal skin       |    31 |       |       |       |       ||    31
       Ring mail         |     5 |    62 |     7 |       |       ||    74
       Chain mail        |       |       |   248 |   553 |    50 ||   851
Dodge: Dodged            |   100 |   105 |   190 |   292 |    44 ||   731
Block: Buckler           |       |    10 |    93 |   189 |    20 ||   312
       Rpst.: Falchion   |    32 |    33 |    36 |       |       ||   101
       Long sword        |       |       |    34 |    74 |       ||   108
       Scimitar          |       |       |       |    14 |    10 ||    24
